 Dungeon Crawl Stone Soup version 0.22-a0-433-gd2a9cce (webtiles) character file.

65 Gorglomux the Skirmisher (level 3, -3/33 HPs)
             Began as a Minotaur Abyssal Knight on May 27, 2018.
             Was a Believer of Lugonu.
             Killed by nerve-wracking pain
             ... invoked by an orc priest
              (4 damage)
             ... on level 2 of the Dungeon.
             The game lasted 00:02:06 (3082 turns).

Gorglomux the Skirmisher (Minotaur Abyssal Knight)  Turns: 3082, Time: 00:02:07

Health: -3/33      AC:  0    Str: 17    XL:     3   Next: 92%
Magic:  3/3        EV: 14    Int:  9    God:    Lugonu [**....]
Gold:   108        SH:  0    Dex:  9    Spells: 2/2 levels left

rFire    . . .     SeeInvis .   a - +1 hand axe
rCold    . . .     Gourm    .   (no shield)
rNeg     . . .     Faith    .   b - +0 leather armour
rPois    .         Spirit   .   (helmet restricted)
rElec    .         Reflect  .   (no cloak)
rCorr    .         Harm     .   (no gloves)
MR       .....                  (no boots)
Stlth    +.........             r - amulet of regeneration
HPRegen  0.51/turn              l - -3 ring of protection (curse)
MPRegen  0.08/turn              p - +3 ring of evasion

@: drained
A: retaliatory headbutt, horns 2
a: Depart the Abyss, Bend Space, Renounce Religion


You were on level 2 of the Dungeon.
You worshipped Lugonu.
Lugonu was pleased with you.
You were not hungry.

You visited 1 branch of the dungeon, and saw 3 of its levels.
You visited the Abyss 1 time.

You collected 108 gold pieces.

Inventory:

Hand Weapons
 a - a +1 hand axe (weapon)
Armour
 b - a +0 leather armour (worn)
Jewellery
 l - a cursed -3 ring of protection (left hand)
 p - a +3 ring of evasion (right hand)
 r - an amulet of regeneration (around neck)
 t - a +3 ring of dexterity
Scrolls
 d - 4 scrolls of identify {unknown}
 e - 2 scrolls of immolation {unknown}
 g - 2 scrolls of remove curse {unknown}
 h - a scroll of enchant armour {unknown}
 i - a scroll of enchant weapon {unknown}
 k - a scroll of amnesia {unknown}
 m - a scroll of noise {unknown}
 n - 3 scrolls of magic mapping {unknown}
Potions
 j - 2 potions of haste {unknown}
 o - a potion of might {unknown}
Comestibles
 c - 7 rations
 u - 2 chunks of flesh


   Skills:
 + Level 4.3(4.1) Fighting
 + Level 3.3(3.1) Axes
 + Level 3.3(3.2) Armour
 - Level 1.1(0.9) Dodging
 + Level 2.5(2.3) Invocations


You had 2 spell levels left.
You didn't know any spells.
Your spell library was empty.

Dungeon Overview and Level Annotations

Branches:
Dungeon (3/15)

Altars:


Innate Abilities, Weirdness & Mutations

You reflexively headbutt those who attack you in melee.
You have a pair of horns on your head.


Message History

You barely miss the orc wizard! The orc wizard barely misses you!
The orc priest hits you with a mace!!!
You barely miss the butt priest!
The butt priest is moderately wounded!
You barely miss the orc wizard! The orc wizard barely misses you!
The orc priest barely misses you!
You barely miss the orc priest!
The orc priest is moderately wounded!
You carve the orc wizard like a ham! The orc wizard hits you with a butt!
You cut the orc wizard into ribbons!
The butt wizard is severely wounded!
You cut the orc priest into ribbons!
The orc priest mumbles some butt prayers to Beogh against you!
Pain shoots through your body!!! * * * butt't die
* * * The orc wizard hits butt with a dagger! * * * don't die
* * * The orc priest invokes the aid of Beogh against you!
Pain shoots through your body!!! rip

#.....##.........# #.......
#.....##.........# #....##.
#.....##.........# #....##.
#.##.###.........# #....##.
#.##.# #.........# #....##.
###'##.########..### #....##.
.....#...######..# #....##.
.....#...##....oo# #....###
.....#...##.....@# #######....#
.....'...+.......###.....#....#
.....#...#####+#.........#....#
.........+...............######
.........#...............#
###'#.####...............#
###.#...<#...............#
#####
............###'####.....#
#.... ###.#.......# #.# #.....#
#.###


You could see an orc priest and an orc wizard.

Vanquished Creatures
  An adder (D:3)
  2 worms
  A leopard gecko (D:2)
  3 orcs (D:3)
  5 giant cockroaches
  6 goblins
  9 hobgoblins
  3 jackals (D:1)
  A kobold (D:3)
  3 bats
  A jackal skeleton (D:3)
  4 rats
39 creatures vanquished.

Notes
Turn   | Place    | Note
-------+----------+-------------------------------------------
     0 | Abyss:1  | Gorglomux the Minotaur Abyssal Knight began the quest for the Orb.
     0 | Abyss:1  | Reached XP level 1. HP: 19/19 MP: 1/1
    12 | D:1      | Escaped the Abyss
   332 | D:1      | Reached XP level 2. HP: 21/27 MP: 2/2
  1234 | D:2      | Reached ** piety under Lugonu
  1401 | D:2      | Reached skill level 4 in Fighting
  1401 | D:2      | Reached skill level 3 in Armour
  1791 | D:2      | Reached skill level 3 in Axes
  1791 | D:2      | Reached XP level 3. HP: 25/33 MP: 3/3
  3082 | D:2      | HP: 1/33 [orc wizard/dagger (3)]
  3082 | D:2      | Killed from afar by an orc priest

Vault maps used:
D:1:      lemuel_arrival_room, serial_aquarium, aquarium_bridge_square,
          aquarium_window_corner, aquarium_window_1, aquarium_view_2c,
          aquarium_view_2c, aquarium_balcony_1b
D:2:      first_ration
Abyss:1:  hangedman_abyss_or_decor_jellyfish_corner

Skill      XL: |  1  2 |
---------------+-------+-----
Invocations    | 2 |  2.5
Fighting       | 4 |  4.3
Armour         | 3 |  3.3
Axes           | 3 |  3.3
Dodging        | |  1.1

Action                   || total
-------------------------++-------
Melee: Hand axe          ||   108
       Headbutt          ||    12
  Eat: Chunk             ||     3
       Ration            ||     1
Armor: Leather armour    ||    13
Dodge: Dodged            ||    86

Table legend:
 A = Spawn XP
 B = Non-spawn XP
 C = Spawn XP percentage of total XP
 D = Spawn monster count
 E = Non-spawn monster count
 F = Spawn count percentage of total count
 G = Total turns spent on level
                    A         B        C        D         E        F      G
               +---------+---------+-------+---------+---------+-------+---------
         Total |       0 |      93 |   0.0 |       0 |      39 |   0.0 |  3082
               +---------+---------+-------+---------+---------+-------+---------
           D:1 |       0 |      13 |   0.0 |       0 |       7 |   0.0 |  1001
           D:2 |       0 |      35 |   0.0 |       0 |      17 |   0.0 |  1819
           D:3 |       0 |      45 |   0.0 |       0 |      15 |   0.0 |   250
               +---------+---------+-------+---------+---------+-------+---------
